 Dungeon Crawl Stone Soup version 0.31-a0-702-gf82c85558f (webtiles) character file.

Game seed: 1487150097604352082

11264 Ekaitz the Zephyrmancer (level 11, -20/67 HPs)
             Began as a Tengu Air Elementalist on Sept 8, 2023.
             Was an Elder of Vehumet.
             Killed from afar by a gargoyle (23 damage)
             ... with a stone arrow
             ... on level 12 of the Dungeon.
             The game lasted 00:39:53 (13997 turns).

Ekaitz the Zephyrmancer (Tengu Air Elementalist)   Turns: 13997, Time: 00:39:54

Health: -20/67     AC:  9    Str: 10    XL:     11   Next: 75%
Magic:  23/23      EV: 34    Int: 17    God:    Vehumet [****..]
Gold:   384        SH: 10    Dex: 16    Spells: 2/25 levels left

rFire   . . .        d - +4 short sword
rCold   + . .        Y - +0 buckler
rNeg    . . .        Z - +2 robe {Will+}
rPois   .            (helmet restricted)
rElec   .            y - +1 cloak {rCorr}
rCorr   +            I - +2 pair of gloves
SInv    +            (boots unavailable)
Will    +....        f - amulet of reflection
Stlth   +++          P - ring of protection from cold
HPRegen 0.31/turn    p - ring of the Decaying God {Wiz SInv}
MPRegen 0.18/turn

%: reflection, acrobat, wizardry (x1)
@: acrobatic, flying, studying Long Blades
A: beak, talons 3, evasive flight, acrobatic
a: Renounce Religion


You were on level 12 of the Dungeon.
You worshipped Vehumet.
Vehumet was greatly pleased with you.
You visited 2 branches of the dungeon, and saw 13 of its levels.

You collected 685 gold pieces.
You spent 301 gold pieces at shops.

Inventory:

Hand Weapons
 a - a +2 dagger of venom
 d - a +4 short sword (weapon)
 s - a +0 short sword of electrocution
 z - a +4 halberd of freezing
 G - the +1 quarterstaff of Twilight {heavy, rElec rF+ Str+2}
   (You found it on level 6 of the Dungeon)

   Str+2:     It affects your strength (+2).
   rF+:       It protects you from fire.
   rElec:     It insulates you from electricity.
 W - a +3 scimitar
Missiles
 n - 4 datura-tipped darts
 x - 6 atropa-tipped darts
 D - 29 poisoned darts
 J - a throwing net
 S - a curare-tipped dart
Armour
 y - a +1 cloak of preservation (worn)
 I - a +2 pair of gloves (worn)
 Q - a +0 leather armour of cold resistance
 U - a +0 troll leather armour
 Y - a +0 buckler (worn)
 Z - a +2 robe of willpower (worn)
Magical Staves
 M - a staff of poison
Jewellery
 f - an amulet of reflection (around neck)
 p - the ring of the Decaying God (right hand) {Wiz SInv}
   (You found it on level 12 of the Dungeon)

   [ring of wizardry]

   Wiz:       It improves your spell success rate.
   SInv:      It lets you see invisible.
 w - a ring of ice
 P - a ring of protection from cold (left hand)
Talismans
 j - a flux talisman
Wands
 h - a wand of polymorph (9)
 r - a wand of iceblast (9)
 H - a wand of paralysis (10)
 N - a wand of light (28)
 R - a wand of flame (13)
 X - a wand of digging (5)
Scrolls
 c - 5 scrolls of revelation
 g - 2 scrolls of silence {unknown}
 k - a scroll of fog {unknown}
 o - 2 scrolls of fear {unknown}
 t - 4 scrolls of immolation
 u - 4 scrolls of teleportation
 v - a scroll of butterflies
 B - a scroll of vulnerability
 C - a scroll of poison
 L - 3 scrolls of enchant armour {unknown}
 T - a scroll of enchant weapon {unknown}
Potions
 b - 3 potions of magic
 e - 3 potions of heal wounds
 i - a potion of might
 l - 3 potions of mutation
 m - a potion of brilliance
 q - 2 potions of enlightenment
 K - 2 potions of degeneration {unknown}
 O - a potion of berserk rage {unknown}
 V - 2 potions of cancellation {unknown}


   Skills:
 * Level 7.0 Fighting
 + Level 2.0 Short Blades
 * Level 7.9 Dodging
 + Level 4.4 Stealth
 + Level 2.3 Shields
 + Level 7.8 Spellcasting
 + Level 7.5 Conjurations
 * Level 3.3 Fire Magic
 * Level 13.5 Air Magic
 + Level 0.5 Poison Magic


You had 2 spell levels left.
You knew the following spells:

 Your Spells              Type           Power      Damage    Failure   Level
a - Shock                 Conj/Air       100%       1d9       1%          1
b - Static Discharge      Conj/Air       84%        2-6/arc   1%          2
c - Swiftness             Air            51%        N/A       1%          3
d - Airstrike             Air            25%        2d(4-20)  1%          4
e - Conjure Ball Lightni  Conj/Air       21%        3x3d6     4%          6
f - Flame Wave            Conj/Fire      25%        2d8       2%          4
g - Mephitic Cloud        Conj/Pois/Air  31%        N/A       1%          3

Your spell library contained the following spells:

 Spells                   Type           Power      Damage    Failure   Level
 Olgreb's Toxic Radiance  Pois           8%         N/A       13%         4
 Freeze                   Ice            24%        1d4       1%          1
 Magic Dart               Conj           100%       1d8       1%          1
 Call Imp                 Summ           12%        N/A       10%         2
 Hailstorm                Conj/Ice       19%        3d6       1%          3
 Frozen Ramparts          Ice            12%        1d2       5%          3
 Discord                  Hex            3%         N/A       100%        8
 Disjunction              Tloc           3%         N/A       100%        8


Dungeon Overview and Level Annotations

Branches:
Dungeon (12/15)            Temple (1/1) D:4            Lair (0/5) D:8
    Orc (0/2) D:10

Altars:
Ashenzari
Cheibriados
Dithmenos
Elyvilon
Fedhas
Gozag
Hepliaklqana
Kikubaaqudgha
Makhleb
Nemelex Xobeh
Okawaru
Qazlal
Ru
Sif Muna
Trog
Uskayaw
Vehumet
Wu Jian
Xom
Yredelemnul
Zin
The Shining One

Shops:
D:2 ?   D:5 ((?   D:6 [

Annotations:
D:11 Amaemon


Innate Abilities, Weirdness & Mutations

You have a beak for a mouth.
You have claws for feet.
Your magical flight helps you evade attacks. (EV +4)
You can magically evade attacks while moving or waiting.


Message History

* * * LOW HITPOINT WARNING * * *
Aiming: Bolt of Light
Press: ? - help, Shift-Dir - straight line, f/p - gargoyle
Aim: a gargoyle, wielding a +0 dire flail (lightly damaged, 86% to hit)
The bolt of light hits the gargoyle!
The gargoyle is severely damaged.
The gargoyle is blinded.
The bolt of light misses the gargoyle.
The gargoyle closely misses you.
You hit the gargoyle but do no damage.
You claw the gargoyle, but do no damage.
Your peck misses the gargoyle.
The gargoyle is severely damaged.
You block the gargoyle's attack.
You hit the gargoyle but do no damage. You claw the gargoyle.
The gargoyle is almost destroyed.
The gargoyle hurls a stone arrow at you.
The stone arrow hits you!
* * * LOW HITPOINT WARNING * * *
You hit the gargoyle but do no damage.
You peck the gargoyle, but do no damage.
The gargoyle is almost destroyed.
The gargoyle misses you.
Unknown command.
The gargoyle is no longer blind.
The gargoyle hurls a stone arrow at you.
The stone arrow misses you.
There is an open door here.
You reach down and close the door.
A gargoyle opens the door.
You block the gargoyle's attack. The gargoyle attacks as it pursues you!
The gargoyle hits you with a +0 dire flail!
* * * LOW HITPOINT WARNING * * *
You see here a +0 dagger.
The gargoyle hurls a stone arrow at you.
The stone arrow hits you!
* * * LOW HITPOINT WARNING * * *
The gargoyle hurls a stone arrow at you.
The stone arrow hits you!!
You die...

.##9# #....?..#.........#.#####
....# #.......#...###...[.....#
##### #.#'#####...#.........#.#
# #.#.#####.....#......<#.#
#######.#........####.....#.#.#
............9).9....#.....#.#.#
#######.########.##.#...#.#.#.#
#.# #.##.#...#.#.#.# #######.#
#@##.#...#.#.#.# ........#
#.##.#<....(.#.#
##..############<...#.#.#...#.#
#..###..................#.##.#
#............................#
##.###.########.######..#.####
.......#...........# #..#.#
#####...............# #..#.#
.....#####...##### #..#.#


You could see a gargoyle.

Vanquished Creatures
  A two-headed ogre (D:11)
  An ugly thing (D:12)
  Maggie (D:6)
  6 trolls
  A hornet (D:8)
  13 yaks
  5 wyverns
  A basilisk (D:12)
  2 vampire mosquitoes (D:11)
  A steam dragon (D:9)
  Menkaure (D:4)
  4 acid dragons
  2 water moccasins
  10 orc warriors
  3 sky beasts
  A black bear (D:8)
  An ogre (D:7)
  Blork the orc (D:4)
  2 kobold brigands
  A bullfrog (D:6)
  2 gnoll sergeants
  A scorpion (D:7)
  7 wights
  12 killer bees (D:10)
  4 electric eels (D:8)
  6 howler monkeys
  3 jellies
  11 orc priests
  A gnoll bouda (D:4)
  Crazy Yiuf (D:4)
  4 iguanas
  17 orc wizards
  20 gnolls
  4 adders
  2 shadow imps
  2 white imps
  6 dart slugs
  60 orcs
  3 bats
  13 endoplasms
  2 giant cockroaches
  5 goblins
  4 hobgoblins
  6 jackals
  15 kobolds
  6 quokkas
  9 ball pythons
  A frilled lizard (D:3)
  5 rats
290 creatures vanquished.

Vanquished Creatures (others)
  An orc wizard (D:3)
  3 ball lightnings (D:11)
4 creatures vanquished.

Grand Total: 294 creatures vanquished

Notes
Turn   | Place    | Note
-------+----------+-------------------------------------------
     0 | D:1      | Ekaitz the Tengu Air Elementalist began the quest for the
                  | Orb.
     0 | D:1      | Reached XP level 1. HP: 10/10 MP: 4/4
   113 | D:1      | Reached XP level 2. HP: 16/16 MP: 6/6
   116 | D:1      | Learned a level 2 spell: Static Discharge
   288 | D:1      | Found a faded altar of an unknown god.
   368 | D:1      | Reached XP level 3. HP: 20/20 MP: 1/7
   378 | D:1      | Reached skill level 5 in Air Magic
  1046 | D:2      | Reached skill level 1 in Fighting
  1129 | D:2      | Learned a level 3 spell: Swiftness
  1173 | D:2      | You fall into a shaft and drop 1 floor!
  1199 | D:3      | Reached XP level 4. HP: 25/25 MP: 6/8
  1362 | D:2      | Found Foclu's Magic Scroll Shop.
  1375 | D:2      | Bought a scroll of identify for 24 gold pieces
  1375 | D:2      | Bought a scroll of identify for 24 gold pieces
  2089 | D:3      | Noticed a water moccasin
  2918 | D:3      | Reached XP level 5. HP: 29/29 MP: 4/9
  2988 | D:3      | Killed a water moccasin
  2989 | D:3      | Reached skill level 6 in Air Magic
  3051 | D:3      | Reached XP level 6. HP: 35/35 MP: 8/10
  3592 | D:4      | Noticed Blork the orc
  3605 | D:4      | Killed Blork the orc
  3606 | D:4      | Reached skill level 1 in Short Blades
  3768 | D:4      | Gained mutation: Your magical flight helps you evade
                  | attacks. (EV +4) [Tengu growth]
  3768 | D:4      | Reached XP level 7. HP: 40/40 MP: 4/12
  3777 | D:4      | Found a blossoming altar of Fedhas.
  3933 | D:4      | Found a staircase to the Ecumenical Temple.
  3940 | Temple   | Entered the Ecumenical Temple
  3949 | Temple   | Became a worshipper of Vehumet
  3955 | Temple   | Learned a level 4 spell: Airstrike
  4028 | D:4      | Found a runed translucent door.
  4028 | D:4      | Noticed Menkaure
  4029 | D:4      | Noticed Crazy Yiuf
  4034 | D:4      | Killed Menkaure
  4191 | D:4      | Killed Crazy Yiuf
  4205 | D:4      | Identified the +7 hammer of Duty {flame, Dex+4}
  4262 | D:5      | Entered Level 5 of the Dungeon
  4426 | D:5      | Found Jageatt's Magic Scroll Boutique.
  4430 | D:5      | Bought a scroll of teleportation for 39 gold pieces
  4456 | D:5      | Found Juaruxub's Hydra Hut.
  4459 | D:5      | Noticed a four-headed hydra
  4529 | D:5      | Found an ancient bone altar of Kikubaaqudgha.
  4595 | D:5      | Found a sacrificial altar of Ru.
  4770 | D:5      | Found Adim's Antique Weapon Boutique.
  4920 | D:6      | Reached skill level 7 in Air Magic
  5254 | D:6      | Reached XP level 8. HP: 48/48 MP: 10/14
  5291 | D:6      | Noticed Maggie
  5302 | D:6      | Killed Maggie
  5473 | D:6      | Reached skill level 8 in Air Magic
  5671 | D:6      | Found a bloodstained altar of Trog.
  5682 | D:6      | Identified the +1 quarterstaff of Twilight {heavy, rElec
                  | rF+ Str+2}
  5978 | D:6      | Found Fapena's Armour Shoppe.
  6359 | D:6      | Bought a +2 pair of gloves for 214 gold pieces
  6479 | D:7      | Reached skill level 5 in Conjurations
  6506 | D:7      | Reached * piety under Vehumet
  6506 | D:7      | Offered knowledge of Magic Dart by Vehumet.
  6653 | D:7      | Reached XP level 9. HP: 46/52 MP: 9/16
  6660 | D:7      | Learned a level 6 spell: Conjure Ball Lightning
  6745 | D:7      | Reached skill level 5 in Dodging
  6745 | D:7      | Reached skill level 9 in Air Magic
  7319 | D:7      | Reached skill level 10 in Air Magic
  7379 | D:7      | Reached skill level 5 in Spellcasting
  7567 | D:8      | Reached skill level 5 in Fighting
  7669 | D:8      | Noticed a troll
  7681 | D:8      | Killed a troll
  7927 | D:8      | Noticed a hornet
  7933 | D:8      | Paralysed by a hornet for 2 turns
  7935 | D:8      | Killed a hornet
  7936 | D:8      | Reached skill level 1 in Shields
  7936 | D:8      | Reached XP level 10. HP: 31/60 MP: 3/19
  7940 | D:8      | Learned a level 3 spell: Mephitic Cloud
  8061 | D:8      | Found a shadowy altar of Dithmenos.
  8087 | D:8      | Reached skill level 11 in Air Magic
  8401 | D:8      | Reached ** piety under Vehumet
  8416 | D:8      | Offered knowledge of Searing Ray by Vehumet.
  8614 | D:8      | Found a staircase to the Lair.
  9213 | D:9      | Reached skill level 12 in Air Magic
  9865 | D:9      | Offered knowledge of Stone Arrow by Vehumet.
 10357 | D:9      | Upgraded the game from 0.31-a0-700-gf13585253f to
                  | 0.31-a0-702-gf82c85558f
 10692 | D:10     | Entered Level 10 of the Dungeon
 11058 | D:10     | Reached XP level 11. HP: 12/64 MP: 20/22
 11279 | D:10     | Reached *** piety under Vehumet
 11371 | D:10     | Offered knowledge of Flame Wave by Vehumet.
 11374 | D:10     | Reached skill level 13 in Air Magic
 11387 | D:10     | Learned a level 4 spell: Flame Wave
 11415 | D:10     | Found a staircase to the Orcish Mines.
 11424 | D:10     | Reached skill level 1 in Fire Magic
 11795 | D:10     | Found a glowing silver altar of Zin.
 12559 | D:11     | Reached **** piety under Vehumet
 12781 | D:11     | Noticed a two-headed ogre
 12789 | D:11     | Offered knowledge of Olgreb's Toxic Radiance by Vehumet.
 12805 | D:11     | Killed a two-headed ogre
 12990 | D:11     | Noticed Amaemon
 13570 | D:12     | Noticed a cyan ugly thing
 13587 | D:12     | Killed a cyan ugly thing
 13875 | D:12     | Identified the ring of the Decaying God {Wiz SInv}
 13930 | D:12     | HP: 3/67 [gargoyle/stone arrow (14)]
 13996 | D:12     | HP: 2/67 [gargoyle/stone arrow (12)]
 13997 | D:12     | Killed from afar by a gargoyle

Illustrated notes

Levels and vault maps discovered:
D:1:      dpeg_arrival_pits, layout_rooms, shapermc_ecumenical_altar_pompeii
D:2:      layout_basic, serial_shops, nicolae_shop_tiny_waterfront,
          minmay_tripent
D:3:      layout_basic
D:4:      layout_rooms, fedhas_altar_1, minmay_temple_entry_trees,
          due_unseen_surprise, uniq_blork_the_orc, uniq_crazy_yiuf_cottage,
          uniq_menkaure
D:5:      layout_cave_pools, mainiacjoe_overflow_alcove_1,
          nicolae_ru_the_path_less_chosen, serial_shops,
          nicolae_shop_pleasant_corner_grove, nicolae_take_the_stairs,
          grunt_ministairs_15, doesnt_shop_hydraphobe
D:6:      layout_basic, amcnicky_altar_gilded, serial_shops, shop,
          nicolae_letterblocks [nicolae_letter_subblock,
          nicolae_letter_subblock, nicolae_letter_subblock,
          nicolae_letter_subblock, nicolae_letter_subblock,
          nicolae_letter_subblock, nicolae_letter_subblock,
          nicolae_letter_subblock, nicolae_letter_subblock,
          nicolae_letter_subblock, nicolae_letter_subblock,
          nicolae_letter_subblock, nicolae_letter_subblock,
          nicolae_letter_subblock, nicolae_letter_subblock,
          nicolae_letter_subblock, nicolae_letter_subblock,
          nicolae_letter_subblock, nicolae_letter_subblock,
          nicolae_letter_subblock, nicolae_letter_subblock,
          nicolae_letter_subblock, nicolae_letter_subblock,
          nicolae_letter_subblock, nicolae_letter_subblock], uniq_maggie
D:7:      layout_basic
D:8:      layout_basic, nicolae_dithmenos_the_darkroom, lair_entry_dummy,
          serial_bayou_lake_a
D:9:      layout_basic, serial_corexii_hall, corexii_hall_statues_x,
          chequers_hall_statues_y, chequers_hall_statues_corner_a,
          corexii_hall_statues_i, nicolae_eternal_life
D:10:     layout_loops_ring, zin_statuary, hiddenorc2_lemuel
D:11:     layout_roguey, uniq_amaemon
D:12:     layout_basic, st_stairs_7, minmay_guarded_unrand_skullcrusher
Temple:   nicolae_temple_bog_church

Skill      XL: |  1  2  3  4  5  6  7  8  9 10 11 |
---------------+----------------------------------+-----
Air Magic      | 5 6 7 8 10 12 13 | 13.5
Fighting       | 1 2 3 4 5 6 7 |  7.0
Conjurations   | 2 3 4 5 7 |  7.5
Dodging        | 3 4 5 7 |  7.9
Short Blades   | 1 2 |  2.0
Stealth        | 3 4 |  4.4
Spellcasting   | 3 4 5 7 |  7.8
Shields        | 1 2 |  2.3
Fire Magic     | 3 |  3.3
Poison Magic   | |  0.5

Action                     |  1- 3 |  4- 6 |  7- 9 | 10-12 || total
---------------------------+-------+-------+-------+-------++-------
  Melee: Dagger            |    25 |     2 |       |    40 ||    67
         Unarmed           |     2 |       |       |       ||     2
         Kick              |     5 |     5 |    12 |    38 ||    60
         Peck              |     2 |     1 |    10 |    19 ||    32
         Punch             |     1 |       |     1 |       ||     2
         Short sword       |       |    12 |    32 |    39 ||    83
   Cast: Shock             |    50 |    97 |   158 |   240 ||   545
         Static Discharge  |     2 |     2 |    13 |    48 ||    65
         Airstrike         |       |       |    20 |    22 ||    42
         Mephitic Cloud    |       |       |       |     4 ||     4
         Flame Wave        |       |       |       |     2 ||     2
         Conjure Ball Ligh |       |       |       |     1 ||     1
  Evoke: Wand              |       |       |       |     4 ||     4
    Use: Scroll            |       |       |     9 |     2 ||    11
   Stab: Sleeping          |     3 |     2 |     6 |     2 ||    13
         Paralysed         |       |       |       |     2 ||     2
         Confused          |       |       |       |     1 ||     1
         Invisible         |       |       |       |     1 ||     1
 Armour: Robe              |    15 |    12 |    34 |    83 ||   144
         Troll leather arm |       |       |       |    14 ||    14
  Dodge: Dodged            |    17 |    10 |    52 |   182 ||   261
  Block: Other             |       |     5 |    17 |    26 ||    48
         Reflection        |       |       |     1 |       ||     1
         Buckler           |       |       |       |    32 ||    32

Table legend: (Time is in decaauts)
 A = Elapsed time spent in this place.
 B = Non-inter-level travel time spent in this place.
 C = Inter-level travel time spent in this place.
 D = Time resting spent in this place.
 E = Time spent auto-exploring this place.
 F = Levels seen in this place.
 G = Mean time per level.
                   A        B        C        D        E       F      G
               +--------+--------+--------+--------+--------+-----+--------+
         Total |  13997 |  12960 |   1037 |   1004 |   9686 |  13 | 1076.7 |
       Dungeon |  13973 |  12946 |   1027 |   1004 |   9686 |  12 | 1164.4 |
        Temple |     23 |     14 |      9 |      0 |      0 |   1 |   23.0 |
               +--------+--------+--------+--------+--------+-----+--------+

Top non-repeatable levels by time:
     D:8: 1669 daAuts
     D:9: 1578 daAuts
     D:3: 1511 daAuts
     D:6: 1505 daAuts
    D:10: 1292 daAuts
     D:7: 1270 daAuts
     D:4: 1072 daAuts
     D:1: 997 daAuts
     D:2: 896 daAuts
    D:11: 892 daAuts
     D:5: 658 daAuts
    D:12: 630 daAuts
  Temple: 23 daAuts
